 Dungeon Crawl Stone Soup version 0.30-a0-331-g8ab09dc110 (webtiles) character file.

Game seed: 15615780831375138746

2974 oldriver the Magician (level 10, -6/77 HPs)
             Began as a Human Hedge Wizard on Oct 29, 2022.
             Was a Follower of Sif Muna.
             Mangled by an orc
             ... wielding a +0 flail
              (8 damage)
             ... while paralysed by a hornet
             ... on level 7 of the Dungeon.
             The game lasted 00:28:10 (9688 turns).

oldriver the Magician (Human Hedge Wizard)          Turns: 9688, Time: 00:28:11

Health: -6/77      AC:  5    Str: 11    XL:     10   Next: 8%
Magic:  15/21      EV:  2    Int: 33    God:    Sif Muna [*.....]
Gold:   311        SH:  0    Dex: 12    Spells: 8/24 levels left

rFire   . . .      SeeInvis .    a - +10 spear "Giantbane" {freeze, Will+ Int+4}
rCold   . . .      Faith    .    (no shield)
rNeg    + . .      Spirit   .    b - +0 robe
rPois   .          Reflect  .    c - +0 hat
rElec   .          Harm     .    z - +0 cloak
rCorr   .          Rampage  .    A - +0 pair of gloves of Cufyavad {rN+ Int+4 Stlth-}
Will    +....                    v - +0 pair of boots
Stlth   ..........               (no amulet)
HPRegen 0.32/turn                p - +6 ring of intelligence
MPRegen 0.17/turn                r - +4 ring of evasion

@: confused, paralysed, ambrosia-drunk, slowed
A: mutation resistance 1
a: Renounce Religion, Channel Magic


You were on level 7 of the Dungeon.
You worshipped Sif Muna.
Sif Muna was aware of your devotion.
You visited 2 branches of the dungeon, and saw 8 of its levels.

You collected 560 gold pieces.
You spent 249 gold pieces at shops.

Inventory:

Hand Weapons
 a - the +10 spear "Giantbane" (weapon) {freeze, Will+ Int+4}
   (You found it on level 5 of the Dungeon)

   It freezes those it strikes, dealing additional cold damage.
   It can also slow down cold-blooded creatures.
   Int:       It affects your intelligence (+4).
   Will:      It increases your willpower.
Missiles
 B - a throwing net
Armour
 b - a +0 robe (worn)
 c - a +0 hat (worn)
 v - a +0 pair of boots (worn)
 w - a +0 kite shield
 z - a +0 cloak (worn)
 A - the +0 pair of gloves of Cufyavad (worn) {rN+ Int+4 Stlth-}
   (You bought it in a shop on level 5 of the Dungeon)

   Int:       It affects your intelligence (+4).
   rN:        It protects you from negative energy.
   Stlth:     It makes you less stealthy.
Jewellery
 n - a +6 ring of strength
 p - a +6 ring of intelligence (left hand)
 r - a +4 ring of evasion (right hand)
Scrolls
 g - 2 scrolls of identify
 m - a scroll of magic mapping
 t - a scroll of fog
 u - a scroll of noise
Potions
 e - 3 potions of attraction {unknown}
 h - a potion of degeneration
 i - a potion of ambrosia
 j - a potion of mutation
 k - a potion of lignification {unknown}
 l - a potion of berserk rage {unknown}
 o - 3 potions of haste {unknown}
 q - 2 potions of invisibility {unknown}
 s - 3 potions of heal wounds {unknown}
 x - a potion of cancellation {unknown}


   Skills:
 + Level 6.3 Fighting
 - Level 2.0 Dodging
 + Level 3.5 Stealth
 * Level 7.7 Spellcasting
 - Level 4.0 Conjurations
 - Level 4.0 Summonings
 - Level 1.0 Translocations
 + Level 2.3 Fire Magic
 - Level 5.0 Poison Magic


You had 8 spell levels left.
You knew the following spells:

 Your Spells              Type           Power      Damage    Failure   Level
a - Magic Dart            Conj           100%       1d8       1%          1
b - Call Imp              Summ           39%        N/A       1%          2
c - Blink                 Tloc           38%        N/A       3%          2
d - Sticky Flame          Conj/Fire      33%        2d5       10%         4
f - Slow                  Hex            48%        N/A       3%          1
i - Ignite Poison         Fire/Tmut/Pois 29%        N/A       4%          3
o - Mephitic Cloud        Conj/Pois/Air  32%        N/A       3%          3

Your spell library contained the following spells:

 Spells                   Type           Power      Damage    Failure   Level
 Kiss of Death            Conj/Necr      100%       2d13      1%          1
 Summon Small Mammal      Summ           100%       N/A       1%          1
 Apportation              Tloc           38%        N/A       2%          1
 Cigotuvi's Dreadful Rot  Necr/Pois/Air  46%        N/A       2%          2
 Necrotise                Necr           48%        1d6       3%          1
 Gell's Gravitas          Tloc           19%        N/A       7%          3
 Teleport Other           Tloc           19%        N/A       7%          3
 Confusing Touch          Hex            12%        N/A       11%         3
 Dispel Undead            Necr           12%        3d9       34%         4
 Dispersal                Tloc           9%         N/A       98%         6
 Ignition                 Fire           14%        3d6       100%        8


Dungeon Overview and Level Annotations

Branches:
Dungeon (7/15)             Temple (1/1) D:4

Altars:
Ashenzari
Cheibriados
Elyvilon
Fedhas
Gozag
Hepliaklqana
Kikubaaqudgha
Makhleb
Nemelex Xobeh
Okawaru
Qazlal
Ru
Sif Muna
Uskayaw
Wu Jian
Xom
Yredelemnul
Zin
The Shining One

Shops:
D:5 [

Annotations:
D:3 Jessica
D:5 Edmund
D:6 2 transporters, GleepGlorp's ghost, novice FoFi


Innate Abilities, Weirdness & Mutations

You are somewhat resistant to further mutation.


Message History

Your crimson imp closely misses the hornet.
Casting: Call Imp (safe; 1% risk of failure)
Confirm with . or Enter, or press ? or * to list all spells.
You blink.
You feel sick. The hornet stings your crimson imp.
Your crimson imp hits the hornet but does no damage.
The hornet stings your crimson imp!
Your crimson imp dies!
Your crimson imp disappears in a puff of smoke!
The orc closely misses you.
Okay, then.
You feel better. The orc closely misses you.
Unknown command.
Casting: Blink (safe; 3% risk of failure)
Confirm with . or Enter, or press ? or * to list all spells.
Okay, then.
Okay, then.
It was a potion of mutation.
You feel extremely strange.
You feel genetically stable. The orc completely misses you.
The hornet closely misses you. The orc completely misses you.
The hornet stings you!
* * * LOW HITPOINT WARNING * * *
You suddenly lose the ability to move!
You can move again.
It was a potion of ambrosia.
You are confused.
You feel invigorated.
You feel stable enough to blink again. The hornet completely misses you.
The orc hits you but does no damage.
The hornet stings you but does no damage.
You closely miss the hornet.
The hornet is lightly wounded.
You feel yourself speed up. The hornet stings you!
* * * LOW HITPOINT WARNING * * *
You suddenly lose the ability to move!
The orc hits you with a +0 flail.
* * * LOW HITPOINT WARNING * * *
The hornet stings you!
* * * LOW HITPOINT WARNING * * *
You feel yourself slow down. The orc hits you with a +0 flail!
You die...

### #. ...# ..# #.# ...# #.#
#.####### #...# #.#
#.....).# .y. ###O#
#..####.###.# .#5#.......
##..###<.....#
..###...O..................#
.#.# .......##.#yo##.......#
###.# ..... #.#@.##.#.###.#
# ## ..... # #.......# .# #
#### ###.#.### .. #######
#.###.#.# #..
......########.......# ...
............######.### ...#
.###..##......O.<..#
...#..##.##.########
.#.......##.#


You could see a hornet and an orc.

Vanquished Creatures
  A two-headed ogre (D:7)
  A kobold demonologist (D:6)
  Sigmund (D:5)
  A wraith (D:6)
  A basilisk (D:6)
  A steam dragon (D:6)
  A vampire mosquito (D:4)
  2 ogres (D:6)
  A centaur (D:6)
  A kobold brigand (D:6)
  2 scorpions
  A wight (D:6)
  A killer bee (D:5)
  4 hounds
  An orc wizard (D:5)
  A gnoll (D:2)
  7 adders
  An ufetubus (D:4)
  A worm (D:5)
  2 dart slugs (D:1)
  2 orcs
  4 bats
  3 endoplasms
  A giant cockroach (D:1)
  3 goblins (D:4)
  3 hobgoblins
  4 jackals
  4 quokkas
  7 ball pythons
  6 frilled lizards
  6 kobolds
  3 rats
78 creatures vanquished.

Vanquished Creatures (collateral kills)
  A water moccasin (D:6)
  An ogre (D:5)
  A necrophage (D:5)
  2 scorpions
  A howler monkey (D:6)
  4 hounds
  2 jellies
  2 gnolls (D:2)
  2 adders
  A worm (D:4)
  2 dart slugs
  2 orcs
  An endoplasm (D:4)
  A hobgoblin (D:4)
  A quokka (D:5)
  2 goblins
  2 kobolds (D:6)
  A rat (D:3)
29 creatures vanquished.

Vanquished Creatures (others)
  A fungus (D:3)
  5 plants
6 creatures vanquished.

Grand Total: 113 creatures vanquished

Notes
Turn   | Place    | Note
-------+----------+-------------------------------------------
     0 | D:1      | oldriver the Human Hedge Wizard began the quest for the
                  | Orb.
     0 | D:1      | Reached XP level 1. HP: 13/13 MP: 4/4
   328 | D:1      | Reached XP level 2. HP: 20/20 MP: 4/6
  1158 | D:1      | Reached XP level 3. HP: 20/25 MP: 2/7
  1161 | D:1      | Reached skill level 1 in Fighting
  1870 | D:2      | Learned a level 2 spell: Call Imp
  2126 | D:2      | Reached XP level 4. HP: 32/32 MP: 5/9
  2894 | D:3      | Found a broken altar of Ashenzari.
  2917 | D:3      | Found a glowing golden altar of the Shining One.
  2933 | D:3      | Found a blossoming altar of Fedhas.
  2933 | D:3      | Found a stormy altar of Qazlal.
  3044 | D:3      | Noticed Jessica
  3567 | D:3      | Learned a level 2 spell: Blink
  3571 | D:3      | Learned a level 3 spell: Mephitic Cloud
  3906 | D:4      | Found a staircase to the Ecumenical Temple.
  3939 | D:4      | Reached XP level 5. HP: 38/38 MP: 5/10
  4034 | D:4      | Learned a level 3 spell: Ignite Poison
  4066 | Temple   | Entered the Ecumenical Temple
  4267 | Temple   | Became a worshipper of Sif Muna the Loreminder
  4571 | D:4      | Reached XP level 6. HP: 46/46 MP: 3/11
  4594 | D:4      | Reached skill level 4 in Spellcasting
  5457 | D:5      | Entered Level 5 of the Dungeon
  5463 | D:5      | Noticed Edmund
  5495 | D:5      | Learned a level 1 spell: Slow
  5649 | D:5      | Reached skill level 1 in Poison Magic
  5649 | D:5      | Reached XP level 7. HP: 52/52 MP: 10/13
  5821 | D:5      | Found a snail-covered altar of Cheibriados.
  5835 | D:5      | Identified the +10 spear "Giantbane" {freeze, Will+ Int+4}
  6033 | D:5      | Noticed a vampire mosquito
  6060 | D:4      | Killed a vampire mosquito
  6232 | D:5      | Reached XP level 8. HP: 60/60 MP: 4/15
  6449 | D:5      | Found Fish's Armour Shoppe.
  6674 | D:5      | Reached skill level 5 in Spellcasting
  6940 | D:5      | Noticed Sigmund
  7187 | D:5      | Killed Sigmund
  7375 | D:6      | Noticed GleepGlorp's ghost (novice FoFi)
  7471 | D:6      | Found a transporter.
  7509 | D:6      | Reached * piety under Sif Muna
  7522 | D:6      | Reached skill level 5 in Fighting
  7526 | D:6      | Reached skill level 6 in Spellcasting
  7526 | D:6      | Reached XP level 9. HP: 68/68 MP: 2/18
  7746 | D:6      | Found a transporter.
  8307 | D:6      | Noticed a kobold demonologist
  8325 | D:6      | Killed a kobold demonologist
  8515 | D:5      | Learned a level 4 spell: Sticky Flame
  8580 | D:5      | Bought the +0 pair of gloves of Cufyavad {rN+ Int+4 Stlth-}
                  | for 249 gold pieces
  8724 | D:6      | Reached skill level 7 in Spellcasting
  8862 | D:7      | Noticed a hornet
  8881 | D:6      | Reached skill level 1 in Fire Magic
  9250 | D:6      | Reached skill level 5 in Poison Magic
  9480 | D:7      | Noticed a two-headed ogre
  9662 | D:7      | Killed a two-headed ogre
  9663 | D:7      | Reached XP level 10. HP: 60/77 MP: 6/21
  9686 | D:7      | Gained mutation: You are somewhat resistant to further
                  | mutation. [potion of mutation]
  9686 | D:7      | Paralysed by a hornet for 1 turns
  9688 | D:7      | Paralysed by a hornet for 1 turns
  9688 | D:7      | HP: 2/77 [hornet (12)]
  9688 | D:7      | Mangled by an orc

Illustrated notes

Levels and vault maps discovered:
D:1:      eino_arrival_cavern_e, layout_basic, minmay_misc_feat_enclosed
D:2:      layout_basic, hangedman_glass_teeth
D:3:      layout_basic, grunt_temple_overflow_forces_of_nature,
          jmf_multi_god_temple, grunt_decor_one_mirror, uniq_jessica
D:4:      layout_loops_cross, minmay_temple_entry_large_hall,
          amcnicky_mini_corridor_feature
D:5:      cheibrodos_fzero, layout_gridville, amcnicky_altar_gilded,
          serial_shops, shop, hangedman_decor_clover_reticule,
          minmay_misc_feat_chi, sigmund_edmund_badplayer
D:6:      minmay_chambers_of_sixes, layout_basic, gammafunk_ghost_stat_death,
          uniq_edmund
D:7:      layout_loops_cross, mainiacjoe_overflow_alcove_4,
          general_overflow_altar
Temple:   nicolae_temple_two_arcs

Skill      XL: |  1  2  3  4  5  6  7  8  9 |
---------------+----------------------------+-----
Fighting       | 1 2 3 5 6 |  6.3
Conjurations   | 2 3 4 |  4.0
Summonings     | 2 3 4 |  4.0
Spellcasting   | 4 6 7 |  7.7
Poison Magic   | 1 2 3 5 |  5.0
Fire Magic     | 2 |  2.3
Stealth        | 3 |  3.5
Dodging        | |  2.0
Translocations | |  1.0

Action                   |  1- 3 |  4- 6 |  7- 9 | 10-12 || total
-------------------------+-------+-------+-------+-------++-------
Melee: Dagger            |    16 |     5 |     1 |       ||    22
       Punch             |     1 |       |       |       ||     1
       Spear             |       |       |    69 |     5 ||    74
 Cast: Magic Dart        |    73 |    77 |    40 |       ||   190
       Call Imp          |     5 |    29 |    45 |     2 ||    81
       Slow              |       |     1 |     9 |       ||    10
       Mephitic Cloud    |       |       |    31 |     1 ||    32
       Ignite Poison     |       |       |    21 |       ||    21
       Sticky Flame      |       |       |     5 |       ||     5
       Blink             |       |       |     3 |     1 ||     4
  Use: Scroll            |       |    10 |     4 |       ||    14
       Potion            |       |       |     3 |     3 ||     6
 Stab: Distracted        |       |       |     1 |       ||     1
Armor: Robe              |     6 |     5 |    26 |     2 ||    39
Dodge: Dodged            |    24 |    15 |    76 |    12 ||   127

Table legend: (Time is in decaauts)
 A = Elapsed time spent in this place.
 B = Non-inter-level travel time spent in this place.
 C = Inter-level travel time spent in this place.
 D = Time resting spent in this place.
 E = Time spent auto-exploring this place.
 F = Levels seen in this place.
 G = Mean time per level.
                   A        B        C        D        E       F      G
               +--------+--------+--------+--------+--------+-----+--------+
         Total |   9744 |   9158 |    586 |   2074 |   5426 |   8 | 1218.0 |
       Dungeon |   9532 |   8964 |    568 |   2074 |   5322 |   7 | 1361.7 |
        Temple |    211 |    193 |     18 |      0 |    104 |   1 |  211.0 |
               +--------+--------+--------+--------+--------+-----+--------+

Top non-repeatable levels by time:
     D:5: 1944 daAuts
     D:6: 1809 daAuts
     D:4: 1603 daAuts
     D:1: 1583 daAuts
     D:3: 1306 daAuts
     D:2: 1022 daAuts
     D:7: 263 daAuts
  Temple: 211 daAuts
